Unix NetHack Version 3.7.0-51 Work-in-progress - last build Mar 7 2022 13:06:07 (ce1e6a145e5d3e7dd6f4b57ba37794bc207988de,branch:master). Game began 2022-03-10 12:48:33, ended 2022-03-10 18:25:12. spontiff, neutral male gnomish Healer --------------- ------- ------ |(.....................-..).#####*#..... |(((.|------ ---- -..)....o............(....)).*###....[....0 |(((.-.|...| -------..-- |.....................+.................)-. |(((.|.|...|#..........-----+- -[.....|....#------...................[[..---------.-.|-. --..............| )#**@d.....#|(.(.|.................G...................----....{.....----- ###........#|((..-....|....[[).[.......|-..---.-...-|-...............-..| #0......-.| |(...|....-...............-|.....--...| ---..|.......[.-|..| #.....[...| ------...................-.-..|...--..| --...|-...---.------ 0...o-----------##.........).-....-......---...--.----..).--------|--- #....|$*..$..[..##.........- ---|..........|...|......|.| |....| #....|)......[(|.......{...| ----...........---....|.-- |.$..| 0....--|--------...-.......| --.---.............|..| ------ #..........)......--.......- |.| ----.....|..).|..----- *..............|-......|..- |.| --...-.--..|....|.---- #.....-.........|---..|..--- ---|--- --..| ---|.........|-- #............|..| ---|....-- |+...[| |..| # ----.....-|.-- 0.........|.....- |(...>| |.._..| |..|---.-----.|....|..-- ............... ------- |.....| |..--.........|---.....| #.........---... ------- --.......------ ---..<| --------- ----- Spontiff the Rhizotomist St:9 Dx:9 Co:18 In:9 Wi:14 Ch:18 Neutral S:350 Dlvl:7 $:0 HP:0(21) Pw:5(5) AC:-1 Xp:1/0 T:6098 Hungry Burdened Latest messages: The large dog bites the dwarf. The dwarf swings her broad pick at the large dog. The dwarf misses the large dog. The large dog bites the dwarf. What do you want to use or apply? [fkostS or ?*] s In what direction? u Status of the large dog (neutral): Level 9 HP 35(72) AC 4, tame. The large dog picks up a dwarvish cloak. You have a little trouble lifting Q - a scroll labeled ZELGO MER. There are several more objects here. What do you want to call? [cf-hkoqvAEQ-S or ?*] Q Call a scroll labeled ZELGO MER: ZELGO mi What do you want to name? [cdf-hkn-qstvyAEQ-S or ?*] k What do you want to name this key? JUYED tele There are several objects here. You have a little trouble lifting T - a dwarvish iron helm. What do you want to take off? [ghqv or ?*] h The large dog drops a dwarvish cloak. You finish taking off your helm. What do you want to wear? [hT or ?*] T You finish your dressing maneuver. What do you want to take off? [gqvT or ?*] T You finish taking off your helm. What do you want to drop? [cdf-hkn-qstvyAEQ-T or ?*] T You drop a +0 dwarvish iron helm. What do you want to wear? [h or ?*] h You finish your dressing maneuver. The hill orc shoots an arrow! You are almost hit by an arrow. The large dog picks up a dwarvish cloak. The hill orc shoots an arrow! An arrow misses you. The hill orc shoots an arrow! You are hit by an arrow. The hill orc shoots an arrow! You are hit by an arrow. The hill orc throws a dagger! A dagger misses you. The large dog drops a dwarvish cloak. The large dog picks up an arrow. The hill orc throws a dagger! A dagger misses you. The hill orc shoots an arrow! You are hit by an arrow. You hear the howling of the CwnAnnwn... The hill orc throws a dagger! You are hit by a dagger. You die... Do you want your possessions identified? [ynq] (y) y Do you want to see the dungeon overview? [ynq] (y) y Major events: Turn 1: spontiff the neutral male gnomish Healer entered the dungeon 2788: entered the Gnomish Mines 3279: reached Mine Town 6098: killed by a dagger Inventory: Amulets A - an uncursed amulet of magical breathing (being worn) Armor h - an uncursed +0 dwarvish iron helm (being worn) g - an uncursed +1 pair of leather gloves (being worn) v - an uncursed +0 pair of low boots (being worn) q - an uncursed +0 dwarvish cloak (being worn) d - an uncursed +0 leather armor (being worn) Comestibles y - 7 uncursed apples n - 2 uncursed food rations p - a cursed tripe ration Scrolls Q - an uncursed scroll of create monster Potions c - a blessed potion of healing Rings R - an uncursed ring of searching (on right hand) Wands S - an uncursed wand of sleep (0:4) Tools f - an uncursed sack containing 48 items t - an uncursed blindfold named Po Ty o - an uncursed magic whistle k - an uncursed skeleton key named JUYED tele s - an uncursed stethoscope Gems/Stones E - an uncursed aquamarine stone Contents of the sack: 137 gold pieces an uncursed +0 dart an uncursed +1 pair of leather gloves a cursed +1 robe a cursed +0 Hawaiian shirt with a plumeria motif 4 uncursed food rations 4 cursed food rations a cursed tripe ration an uncursed scroll of blank paper 3 uncursed scrolls of confuse monster a blessed scroll of destroy armor an uncursed scroll of enchant armor 2 uncursed scrolls of enchant weapon an uncursed scroll of gold detection 2 cursed scrolls of identify an uncursed scroll of light an uncursed scroll of remove curse an uncursed potion of confusion a cursed potion of confusion a cursed potion of fruit juice an uncursed potion of gain ability a cursed potion of gain ability a blessed potion of gain energy 2 cursed potions of healing an uncursed potion of oil an uncursed potion of paralysis a blessed potion of restore ability an uncursed potion of restore ability a cursed ring of conflict a cursed -1 ring of increase damage a cursed ring of slow digestion an uncursed ring of teleport control an uncursed wand of create monster (0:12) an uncursed wand of create monster (0:11) an uncursed wand of digging (0:5) a cursed wand of light (0:14) a cursed wand of light (0:11) a cursed wand of nothing (0:12) a cursed wand of sleep (0:7) a cursed wand of speed monster (0:5) an uncursed wand of undead turning (0:7) an uncursed expensive camera (0:51) 2 uncursed worthless pieces of green glass an uncursed worthless piece of orange glass an uncursed worthless piece of red glass 3 uncursed worthless pieces of violet glass 2 uncursed worthless pieces of white glass an uncursed worthless piece of yellow glass Spontiff the Healer's attributes: Background: You were a Rhizotomist, a level 1 male gnomish Healer. You were neutral, on a mission for Hermes who was opposed by Athena (lawful) and Poseidon (chaotic). You were in the Gnomish Mines, on level 7. You entered the dungeon 6098 turns ago. You had 0 experience points, 20 were needed to attain level 2. Your score was 350 before end-of-game adjustments. Basics: You had 0 out of 21 hit points. You had all 5 energy points (spell power). Your armor class was -1. Your wallet was empty. Autopickup was on for '$!/="?' plus thrown, with exceptions. Final Characteristics: Your strength was 9 (limit:18/50). Your dexterity was 9 (peak:10, limit:18). Your constitution was 18 (limit:18). Your intelligence was 9 (limit:19). Your wisdom was 14 (limit:18). Your charisma was 18 (limit:18). Final Status: You were hungry. You were burdened; movement was slightly slowed. You were empty handed. You were unskilled in bare handed combat. Final Attributes: You were piously aligned. You were poison resistant. You were telepathic. You had automatic searching. You had infravision. You could survive without air. You had a small defense bonus (+4). You were warded. You are dead. Miscellaneous: You encountered 1 bones level. Total elapsed playing time was 1 hour, 51 minutes and 4 seconds. Vanquished creatures: a ghost 2 small mimics 2 watchmen a dwarf leader a rock piercer a pony 3 shriekers 3 gnome leaders a gnomish wizard a kobold mummy 2 elf zombies a giant ant 3 floating eyes 8 dwarves 2 homunculi 5 rothes a rabid rat a centipede a giant bat 2 orc zombies a wererat 5 iguanas an acid blob a coyote a gas spore 5 hobbits 3 giant rats a cave spider 2 yellow molds 3 green molds a red mold 10 gnomes 3 gnome zombies 4 geckos 10 jackals 2 foxes 2 kobolds 8 goblins 4 sewer rats 6 grid bugs a bat 8 lichens a kobold zombie 20 newts 145 creatures vanquished. No species were genocided or became extinct. Voluntary challenges: You never hit with a wielded weapon. You were a pacifist. You read items or engraved 2 times. You never engraved Elbereth. You never genocided any monsters. You never polymorphed an object. You never changed form. You used no wishes. Achievements: You entered a shop. You entered the Gnomish Mines. You entered Minetown. You entered a temple. The Dungeons of Doom: levels 1 to 5 Level 1: Level 2: "Stashlet" Some fountains. Level 3: "Shocked Lop" Level 4: A general store, a fountain, a grave. Stairs down to The Gnomish Mines. Level 5: The Gnomish Mines: levels 5 to 8 Level 5: Level 6: Level 7: <- You were here. Many shops, a temple, many fountains, a grave. Final resting place for you, killed by a dagger, nurdglaw-Hea-Hum-Fem-Neu, killed by a gnome. Level 8: Game over: ---------- / \ / REST \ / IN \ / PEACE \ / \ | spontiff | | 137 Au | | killed by a | | dagger | | | | | | 2022 | *| * * * | * _________)/\\_//(\/(/\)/\//\/|_)_______ Goodbye spontiff the Healer... You died in The Gnomish Mines on dungeon level 7 with 350 points, and 137 pieces of gold, after 6098 moves. You were level 1 with a maximum of 21 hit points when you died.